 Dungeon Crawl Stone Soup version 0.28.0-49-g6dfe1f597d (webtiles) character file.

Game seed: 11750693591324728198

88354 Zeld the Stormcaller (level 15, -1/99 HPs)
             Began as a Tengu Air Elementalist on May 18, 2022.
             Was a High Priest of Vehumet.
             Shot with an arrow by Nessos (5 damage)
             ... on level 14 of the Dungeon on May 19, 2022.
             The game lasted 00:48:01 (51524 turns).

Zeld the Stormcaller (Tengu Air Elementalist)      Turns: 51524, Time: 00:48:02

Health: -1/99      AC:  8    Str: 11    XL:     15   Next: 93%
Magic:  15/42      EV: 18    Int: 24    God:    Vehumet [*****.]
Gold:   2537       SH:  0    Dex: 14    Spells: 10/40 levels left

rFire   . . .      SeeInvis .   a - +9 demon blade (venom)
rCold   + . .      Faith    .   (no shield)
rNeg    . . .      Spirit   .   N - +1 leather armour {Will+}
rPois   +          Reflect  .   M - +0 hat
rElec   +          Harm     .   F - +0 cloak
rCorr   .          Rampage  .   s - +0 pair of gloves
Will    ++...                   (boots unavailable)
Stlth   ++........              g - amulet of regeneration
HPRegen 1.06/turn               l - ring "Upier" {rC+ MP+9 Int+3}
MPRegen 0.28/turn               m - ring of Yredelemnul's Esteem {Wiz Contam Fly rElec rPois}

@: flying quickly and evasively, studying Armour, quick
A: beak, talons 3, nimble flight
a: Renounce Religion


You were on level 14 of the Dungeon.
You worshipped Vehumet.
Vehumet was extremely pleased with you.
You visited 4 branches of the dungeon, and saw 23 of its levels.
You also visited: Bailey and Volcano.

You collected 3380 gold pieces.
You spent 843 gold pieces at shops.

Inventory:

Hand Weapons
 a - a +9 demon blade of venom (weapon)
 Q - the +8 arc blade {discharge, rElec}
   (You found it on level 6 of the Lair of Beasts)

   It occasionally unleashes powerful arcs of lightning upon striking a foe.
   These may arc to other adjacent creatures (including the wielder, but dealing
   reduced damage to them) before grounding out.
   rElec:     It insulates you from electricity.
Armour
 s - a +0 pair of gloves (worn)
 F - a +0 cloak (worn)
 M - a +0 hat (worn)
 N - a +1 leather armour of willpower (worn)
Jewellery
 g - an amulet of regeneration (around neck)
 l - the ring "Upier" (left hand) {rC+ MP+9 Int+3}
   (You found it on level 3 of the Dungeon)

   [ring of magical power]

   Int:       It affects your intelligence (+3).
   rC:        It protects you from cold.
   MP:        It affects your magic capacity (+9).
 m - the ring of Yredelemnul's Esteem (right hand) {Wiz Contam Fly rElec rPois}
   (You bought it in a shop on level 2 of the Orcish Mines)

   [ring of wizardry]

   It improves your spell success rate.
   rElec:     It insulates you from electricity.
   rPois:     It protects you from poison.
   Fly:       It grants you flight.
   Contam:    It causes magical contamination when unequipped.
Wands
 c - a wand of flame (10)
 y - a wand of polymorph (26)
 A - a wand of digging (5)
 C - a wand of paralysis (8)
 D - a wand of acid (3)
 E - a wand of iceblast (29)
 I - a wand of mindburst (22)
Scrolls
 d - a scroll of blinking
 e - 2 scrolls of enchant weapon
 i - 3 scrolls of silence
 j - 8 scrolls of teleportation
 k - 3 scrolls of summoning
 p - 2 scrolls of holy word
 t - 2 scrolls of magic mapping
 u - 3 scrolls of enchant armour
 G - 3 scrolls of brand weapon
 K - 3 scrolls of noise {unknown}
 L - 2 scrolls of amnesia {unknown}
Potions
 b - 10 potions of curing
 f - 8 potions of heal wounds {unknown}
 h - a potion of resistance {unknown}
 n - 3 potions of attraction {unknown}
 o - 4 potions of lignification {unknown}
 q - 4 potions of ambrosia
 r - 5 potions of haste
 v - 4 potions of might {unknown}
 w - 4 potions of mutation {unknown}
 x - 3 potions of berserk rage {unknown}
 z - a potion of degeneration {unknown}
 B - 7 potions of brilliance {unknown}
 H - 3 potions of magic {unknown}
 O - a potion of cancellation {unknown}


   Skills:
 + Level 13.6 Fighting
 * Level 6.4 Long Blades
 * Level 13.0 Armour
 - Level 9.0 Dodging
 - Level 2.0 Stealth
 - Level 13.0 Spellcasting
 + Level 8.0 Conjurations
 * Level 17.5 Air Magic
 + Level 6.6 Evocations


You had 10 spell levels left.
You knew the following spells:

 Your Spells              Type           Power      Damage    Failure   Level
a - Shock                 Conj/Air       100%       1d9       1%          1
b - Static Discharge      Conj/Air       67%        N/A       1%          2
c - Swiftness             Air            79%        N/A       0%          3
d - Airstrike             Air            39%        N/A       1%          4
e - Lightning Bolt        Conj/Air       33%        1d51      1%          5
f - Storm Form            Tmut/Air       27%        N/A       38%         7
g - Maxwell's Capacitive  Air            39%        ∞         3%          8

Your spell library contained the following spells:

 Spells                   Type           Power      Damage    Failure   Level
 Starburst                Conj/Fire      17%        6d6       14%         6
 Magic Dart               Conj           100%       1d8       1%          1
 Searing Ray              Conj           100%       2d8       1%          2
 Ignite Poison            Fire/Tmut/Pois 15%        N/A       1%          3
 Mephitic Cloud           Conj/Pois/Air  54%        N/A       1%          3
 Fulminant Prism          Conj/Hex       17%        3d11      1%          4
 Freezing Cloud           Conj/Ice/Air   27%        6-21      1%          5
 Blink                    Tloc           30%        N/A       2%          2
 Lesser Beckoning         Tloc           15%        N/A       6%          3
 Summon Guardian Golem    Hex/Summ       15%        N/A       6%          3
 Tukima's Dance           Hex            15%        N/A       6%          3
 Anguish                  Hex/Necr       7%         N/A       19%         4
 Animate Dead             Necr           7%         N/A       19%         4
 Petrify                  Tmut/Erth      15%        N/A       19%         4
 Summon Ice Beast         Ice/Summ       15%        N/A       19%         4
 Manifold Assault         Tloc           15%        N/A       45%         5
 Metabolic Englaciation   Hex/Ice        7%         N/A       45%         5
 Summon Forest            Summ/Tloc      7%         N/A       45%         5
 Summon Mana Viper        Hex/Summ       15%        N/A       45%         5
 Eringya's Noxious Bog    Tmut/Pois      7%         N/A       52%         6
 Statue Form              Tmut/Erth      10%        N/A       94%         6
 Summon Cactus Giant      Summ           7%         N/A       94%         6
 Lehudib's Crystal Spear  Conj/Erth      17%        10d5      98%         8
 Enfeeble                 Hex            7%         N/A       100%        7
 Haunt                    Necr/Summ      7%         N/A       100%        7
 Summon Hydra             Summ           7%         N/A       100%        7
 Infestation              Necr           7%         N/A       100%        8


Dungeon Overview and Level Annotations

Branches:
Dungeon (14/15)            Temple (1/1) D:5            Lair (6/6) D:11
 Shoals (0/4) Lair:4       Spider (0/4) Lair:4        Slime (0/5) Lair:6
    Orc (2/2) D:10            Elf (0/3) Orc:2        Bailey (visited)
Volcano (visited)
 Vaults: D:13-14

Altars:
Ashenzari
Cheibriados
Dithmenos
Elyvilon
Fedhas
Gozag
Hepliaklqana
Kikubaaqudgha
Makhleb
Nemelex Xobeh
Okawaru
Qazlal
Ru
Sif Muna
Trog
Uskayaw
Vehumet
Wu Jian
Xom
Yredelemnul
Zin
The Shining One

Shops:
D:3 :   D:11 *   Orc:1 (   Orc:2 =*(:

Annotations:
D:14 Nessos
Orc:2 3 runed translucent doors, Jingleheimer's ghost, adept DjCj


Innate Abilities, Weirdness & Mutations

You have a beak for a mouth.
You have claws for feet.
Your magical nature lets you fly swiftly and evasively.


Message History

You partially resist.
The now-empty wand crumbles to dust.
Casting: Airstrike (safe; 1% risk of failure)
Confirm with . or Enter, or press ? or * to list all spells.
Aiming: Airstrike (safe; 1% risk of failure)
Press: ? - help, Dir - move target, f/p - Nessos
Aim: Nessos, wielding a +1 longbow of flaming, wearing a +0 barding and quivering arrows (heavily wounded, empty space bonus: 2/8)
The air twists around and strikes Nessos.
Nessos is heavily wounded.
You feel sick.
Nessos shoots an arrow.
The arrow completely misses you.
Casting: Airstrike (safe; 1% risk of failure)
Confirm with . or Enter, or press ? or * to list all spells.
Aiming: Airstrike (safe; 1% risk of failure)
Press: ? - help, Dir - move target, f/p - Nessos
Aim: Nessos, wielding a +1 longbow of flaming, wearing a +0 barding and quivering arrows (heavily wounded, empty space bonus: 2/8)
The air twists around and strikes Nessos!
Nessos is severely wounded.
You feel sick.
Nessos shoots an arrow.
The arrow hits you!!
* * * LOW HITPOINT WARNING * * *
The arrow burns you!
You are lethally poisoned!
* * * LOW HITPOINT WARNING * * *
Nessos mumbles some strange words.
Nessos seems to speed up.
Unknown command.
You feel better.
Nessos shoots an arrow.
The arrow hits you!
* * * LOW HITPOINT WARNING * * *
The arrow burns you.
* * * LOW HITPOINT WARNING * * *
Nessos casts a spell.
Nessos blinks!
Unknown command.
Unknown command.
Casting: Airstrike (safe; 1% risk of failure)
Confirm with . or Enter, or press ? or * to list all spells.
Aiming: Airstrike (safe; 1% risk of failure)
Press: ? - help, Dir - move target, f/p - Nessos
Aim: Nessos, wielding a +1 longbow of flaming, wearing a +0 barding and quivering arrows (severely wounded, fast, empty space bonus: 4/8)
Okay, then.
Nessos shoots an arrow.
The arrow hits you.
You die...

..#######....#.#..
..# #..#.#.#c# ..#
#.##.#.#§#
..#######.##.#.#.#
..#.......##.#.#.#
..#.......##.#.#.#
..#.......##.#.#.#
..#.......##.#.#.#
..####### #.#.#@#
..# #.#.#.# ..#
#.#.#.# ..#
##.....# ..####
#..##### .....#
#.##
####.######.##
####.........#
....<#######.#


You could see Nessos (fast).

Vanquished Creatures
  A tengu reaver (D:12)
  An orc warlord (Orc:1)
  Harold (D:9)
  8 hydras
  2 boulder beetles
  A rakshasa (D:14)
  2 catoblepae
  A merfolk avatar (Lair:6)
  A centaur warrior (Orc:2)
  Erica (D:8)
  3 two-headed ogres
  A deep troll earth mage (D:12)
  4 death yaks
  3 skeletal warriors
  A sea snake (Lair:5)
  A flayed ghost (D:12)
  A lindwurm (Lair:4)
  Pikel (D:5)
  A deep elf pyromancer (D:9)
  3 anaconda skeletons (Volcano)
  3 harpies
  6 cyclopes
  An orc knight (Orc:2)
  2 orc sorcerers (Orc:1)
  2 slime creatures (D:13)
  An ugly thing (D:13)
  4 merfolk sirens (Lair:4)
  2 black mambas
  9 cane toads
  27 elephants
  7 gargoyles
  Maggie (Lair:1)
  3 freezing wraiths (D:11)
  2 rime drakes (Lair:6)
  9 komodo dragons
  4 kobold demonologists
  5 trolls
  3 polar bears
  33 blink frogs
  2 harpy skeletons (Volcano)
  2 wind drakes (Lair:6)
  12 dream sheep
  3 flying skulls (Volcano)
  A vampire (D:11)
  3 shadows
  3 wraiths
  2 water elementals (D:12)
  A spriggan (shapeshifter) (D:12)
  67 yaks
  2 basilisks
  6 wyverns
  An alligator skeleton (Volcano)
  Grum (D:9)
  A steam dragon (D:9)
  7 vampire mosquitoes
  Menkaure (D:5)
  5 wargs
  19 water moccasins
  2 black bears
  An ice beast (D:5)
  44 orc warriors
  A sky beast (D:5)
  13 ogres
  14 wolves
  20 centaurs
  2 lemures
  A phantom (D:5)
  Blork the orc (D:5)
  4 kobold brigands
  10 bullfrogs
  2 scorpions
  A wyvern zombie (D:8)
  A water moccasin skeleton (D:5)
  2 killer bees (D:9)
  A spriggan skeleton (Volcano)
  20 wights
  An electric eel (D:12)
  8 howler monkeys
  A troll skeleton (Volcano)
  2 vampire bats (D:10)
  3 crimson imps (D:6)
  7 centaur zombies
  3 jellies
  A gnoll shaman (D:2)
  2 hounds
  10 orc priests
  A centaur skeleton (D:4)
  2 iguanas
  Ijyb (D:5)
  Natasha (thrice) (D:2)
  18 orc wizards
  3 naga skeletons (Volcano)
  A hound zombie (D:5)
  2 howler monkey zombies
  3 gnolls (D:3)
  4 adders
  2 shadow imps
  2 white imps
  3 ufetubi
  An adder skeleton (D:4)
  3 worms
  2 dart slugs
  79 orcs
  A bat (D:3)
  3 bat skeletons (D:10)
  2 bat zombies (D:10)
  11 endoplasms
  4 giant cockroaches
  9 goblins
  10 hobgoblins
  4 jackals (D:1)
  6 ball pythons
  3 frilled lizards
  10 kobolds
  6 rats
678 creatures vanquished.

Vanquished Creatures (others)
  A bush (Lair:6)
  69 fungi
  104 plants
174 creatures vanquished.

Grand Total: 852 creatures vanquished

Notes
Turn   | Place    | Note
-------+----------+-------------------------------------------
     0 | D:1      | Zeld the Tengu Air Elementalist began the quest for the
                  | Orb.
     0 | D:1      | Reached XP level 1. HP: 10/10 MP: 4/4
    74 | D:1      | Found a faded altar of an unknown god.
   469 | D:1      | Reached XP level 2. HP: 16/16 MP: 3/6
   505 | D:1      | Learned a level 2 spell: Static Discharge
  1496 | D:2      | Reached skill level 1 in Fighting
  1649 | D:3      | Found Pustuaquic's Book Boutique.
  2302 | D:2      | Reached XP level 3. HP: 18/20 MP: 7/7
  2307 | D:2      | Learned a level 3 spell: Swiftness
  2664 | D:2      | HP: 1/20 [worm (11)]
  2682 | D:2      | Noticed Natasha
  3261 | D:2      | Killed Natasha
  3262 | D:2      | Reached XP level 4. HP: 14/25 MP: 1/8
  3314 | D:2      | Noticed Natasha
  3321 | D:2      | Killed Natasha
  3627 | D:2      | Reached skill level 5 in Air Magic
  3968 | D:2      | Noticed Natasha
  3973 | D:2      | Killed Natasha
  3974 | D:2      | Gained mutation: Your magical nature lets you fly swiftly
                  | and evasively. [Tengu growth]
  3974 | D:2      | Reached XP level 5. HP: 28/30 MP: 5/10
  4245 | D:3      | Identified the ring "Upier" {rC+ MP+9 Int+3}
  4506 | D:3      | Noticed a kobold brigand
  4536 | D:2      | Killed a kobold brigand
  4857 | D:2      | Reached XP level 6. HP: 36/36 MP: 11/12
  5040 | D:2      | Learned a level 4 spell: Airstrike
  5948 | D:4      | Reached skill level 6 in Air Magic
  6512 | D:4      | Reached XP level 7. HP: 39/41 MP: 13/13
  7103 | D:5      | Entered Level 5 of the Dungeon
  7394 | D:5      | Reached skill level 7 in Air Magic
  7469 | D:5      | Found a burning altar of Makhleb.
  7488 | D:5      | Reached XP level 8. HP: 47/48 MP: 15/15
  7635 | D:5      | Noticed Blork the orc
  7640 | D:5      | Killed Blork the orc
  7919 | D:5      | Noticed Menkaure
  7922 | D:5      | Killed Menkaure
  7923 | D:5      | Reached skill level 5 in Spellcasting
  8255 | D:5      | Found a staircase to the Ecumenical Temple.
  8255 | D:5      | Noticed Pikel
  8824 | D:5      | Reached skill level 5 in Fighting
  8908 | D:5      | Noticed Ijyb
  8913 | D:5      | Killed Ijyb
  8914 | D:5      | Reached skill level 8 in Air Magic
  9140 | Temple   | Entered the Ecumenical Temple
  9289 | Temple   | Became a worshipper of Vehumet
  9468 | D:5      | Found a burning altar of Makhleb.
  9545 | D:5      | Found a staircase to the Ecumenical Temple.
  9628 | D:5      | Killed Pikel
  9629 | D:5      | Reached skill level 5 in Dodging
  9629 | D:5      | Reached XP level 9. HP: 55/55 MP: 6/18
 10116 | D:6      | Found an opulent altar of Gozag.
 10161 | D:6      | Reached skill level 9 in Air Magic
 10464 | D:6      | Found a shimmering altar of Xom.
 10636 | D:6      | Found a snail-covered altar of Cheibriados.
 10986 | D:6      | Found a sparkling altar of Nemelex Xobeh.
 11253 | D:6      | Found a bloodstained altar of Trog.
 11772 | D:7      | Found a basalt altar of Yredelemnul.
 12048 | D:7      | Reached * piety under Vehumet
 12048 | D:7      | Offered knowledge of Freeze by Vehumet.
 12212 | D:7      | Found a white marble altar of Elyvilon.
 12482 | D:7      | Reached skill level 10 in Air Magic
 13286 | D:8      | Reached XP level 10. HP: 63/63 MP: 2/21
 13773 | D:8      | Noticed Erica
 13779 | D:8      | Killed Erica
 13873 | D:8      | Reached skill level 11 in Air Magic
 15306 | D:9      | Reached ** piety under Vehumet
 15306 | D:9      | Offered knowledge of Searing Ray by Vehumet.
 15738 | D:9      | Noticed a deep elf pyromancer
 15748 | D:9      | Reached skill level 12 in Air Magic
 15748 | D:9      | Reached XP level 11. HP: 31/69 MP: 6/24
 16051 | D:9      | Noticed Harold
 16089 | D:9      | Killed Harold
 16928 | D:9      | Noticed Grum
 16936 | D:9      | Killed Grum
 17066 | D:9      | Killed a deep elf pyromancer
 17066 | D:9      | Offered knowledge of Ignite Poison by Vehumet.
 17330 | D:9      | Reached skill level 13 in Air Magic
 17492 | D:9      | Learned a level 5 spell: Lightning Bolt
 17938 | D:10     | Entered Level 10 of the Dungeon
 17938 | D:10     | Found an iron altar of Okawaru.
 18081 | D:10     | Found a flagged portal.
 18088 | Bailey   | Entered a bailey
 18130 | Bailey   | Reached *** piety under Vehumet
 19204 | Bailey   | Offered knowledge of Conjure Flame by Vehumet.
 19227 | Bailey   | Reached skill level 10 in Fighting
 19910 | D:10     | Found a staircase to the Orcish Mines.
 20196 | D:10     | Found a shimmering blue altar of Sif Muna.
 20302 | D:10     | Found a broken altar of Ashenzari.
 20434 | D:10     | Found a hazy altar of Hepliaklqana.
 20465 | D:10     | Got Sif Muna's Compendium of Creative Earth
 20799 | D:10     | Found an ancient bone altar of Kikubaaqudgha.
 20903 | D:10     | Noticed a two-headed ogre
 20909 | D:10     | Killed a two-headed ogre
 20910 | D:10     | Reached XP level 12. HP: 78/78 MP: 11/26
 21127 | D:11     | Noticed a death knight
 21217 | D:11     | Noticed a catoblepas
 21224 | D:10     | Killed a catoblepas
 21225 | D:10     | Reached skill level 10 in Spellcasting
 22257 | D:11     | Found a staircase to the Lair.
 22491 | D:11     | Acquired 1337 gold pieces
 22932 | D:11     | Reached **** piety under Vehumet
 23175 | D:11     | Noticed a two-headed ogre
 23201 | D:11     | Killed a two-headed ogre
 23974 | D:11     | Found Seumuu Kome's General Store.
 24431 | D:11     | Bought a potion of ambrosia for 96 gold pieces
 24431 | D:11     | Bought a scroll of identify for 24 gold pieces
 25274 | D:12     | Noticed a two-headed ogre
 25696 | D:12     | Noticed a tengu reaver
 25744 | D:12     | Killed a two-headed ogre
 26957 | Lair:1   | Entered Level 1 of the Lair of Beasts
 27384 | Lair:1   | Reached XP level 13. HP: 86/86 MP: 19/29
 27702 | Lair:1   | Noticed Maggie
 27707 | Lair:1   | Killed Maggie
 27913 | Lair:2   | Reached skill level 1 in Evocations
 28109 | Lair:2   | Offered knowledge of Iskenderun's Battlesphere by Vehumet.
 28776 | Lair:2   | Learned a level 8 spell: Maxwell's Capacitive Coupling
 29735 | Lair:2   | Reached skill level 14 in Air Magic
 31910 | Lair:3   | Reached skill level 1 in Armour
 32273 | Lair:3   | Found a dark tunnel.
 32282 | Volcano  | Entered a volcano
 32554 | Volcano  | Reached ***** piety under Vehumet
 32648 | Volcano  | Offered knowledge of Irradiate by Vehumet.
 34033 | Lair:3   | Reached skill level 5 in Armour
 34244 | Lair:3   | Reached XP level 14. HP: 92/92 MP: 31/31
 34485 | Lair:3   | Reached skill level 15 in Air Magic
 35213 | Lair:4   | Found a hole to the Spider Nest.
 36195 | Lair:4   | Found a staircase to the Shoals.
 36719 | Lair:5   | Reached skill level 5 in Conjurations
 37686 | Lair:5   | Offered knowledge of Yara's Violent Unravelling by Vehumet.
 38194 | Lair:6   | Entered Level 6 of the Lair of Beasts
 38241 | Lair:5   | Reached skill level 5 in Evocations
 38577 | Lair:6   | Acquired a +8 demon blade of venom
 38884 | Lair:6   | Reached skill level 1 in Long Blades
 38885 | Lair:6   | Reached skill level 16 in Air Magic
 40013 | Lair:5   | HP: 4/94 [eight-headed hydra (7)]
 40740 | Lair:5   | Reached skill level 10 in Armour
 41309 | Lair:6   | Reached XP level 15. HP: 99/99 MP: 9/33
 42220 | Lair:6   | Offered knowledge of Ozocubu's Refrigeration by Vehumet.
 42764 | Lair:6   | Found a staircase to the Slime Pits.
 43905 | Lair:6   | Reached skill level 5 in Long Blades
 43981 | Lair:6   | Found the +8 arc blade {discharge, rElec}
 44649 | D:10     | Learned a level 7 spell: Storm Form
 44650 | Orc:1    | Entered Level 1 of the Orcish Mines
 45499 | Orc:1    | Reached skill level 17 in Air Magic
 45596 | Orc:1    | Found Pitseut's Weapon Shop.
 45721 | Orc:1    | Noticed an orc warlord
 45766 | Orc:1    | Killed an orc warlord
 46470 | Orc:1    | Found a shimmering altar of Xom.
 46619 | Orc:2    | Entered Level 2 of the Orcish Mines
 46927 | Orc:2    | Offered knowledge of Starburst by Vehumet.
 48252 | Orc:2    | Found Widukhehaw's Weapon Emporium.
 48252 | Orc:2    | Found Xohuepyl's General Store.
 48252 | Orc:2    | Found Tioti's Jewellery Shop.
 48255 | Orc:2    | Found Ockobir's Book Shoppe.
 48260 | Orc:2    | Bought a scroll of magic mapping for 52 gold pieces
 48260 | Orc:2    | Bought 2 potions of curing for 90 gold pieces
 48262 | Orc:2    | Bought the ring of Yredelemnul's Esteem {Wiz Contam Fly
                  | rElec rPois} for 581 gold pieces
 48316 | Orc:2    | Found a staircase to the Elven Halls.
 48324 | Orc:2    | Found a runed translucent gate.
 48324 | Orc:2    | Found a runed translucent gate.
 48324 | Orc:2    | Found a runed translucent gate.
 48443 | Orc:2    | Noticed Jingleheimer's ghost (adept DjCj)
 49230 | D:12     | Killed a tengu reaver
 50861 | D:13     | Found a radiant altar of Vehumet.
 51249 | D:14     | Noticed Nessos
 51523 | D:14     | HP: 3/99 [Nessos/arrow (5)]
 51524 | D:14     | Shot with an arrow by Nessos

Illustrated notes

Levels and vault maps discovered:
D:1:      saegor_arrival_miasma, layout_loops_corners,
          chequers_ecumenical_altar_simple_redux, serial_rivers,
          chequers_serial_rivers_micro_b, chequers_serial_rivers_room_a,
          chequers_serial_rivers_marsh, chequers_serial_rivers_large_a
D:2:      layout_loops_cross, serial_rivers, chequers_serial_rivers_small_b,
          chequers_serial_rivers_micro_d, chequers_serial_rivers_room_b,
          chequers_serial_rivers_micro_d, chequers_serial_rivers_small_b,
          chequers_serial_rivers_room_b, minmay_tromino_i2, uniq_natasha
D:3:      layout_basic, serial_shops,
          nicolae_shop_temple_entry_statues_fountains
D:4:      layout_loops_corners, minmay_crystal_water
D:5:      layout_loops_ring, mainiacjoe_overflow_small_starburst,
          minmay_temple_entry_grid, uniq_ijyb, uniq_pikel, uniq_blork_the_orc,
          uniq_menkaure
D:6:      layout_gridville, old_standard_altar, led_xom_imps,
          trog_hazing_becter, grunt_gozag_statues, nemelex_dance_club_becter
D:7:      layout_basic, lemuel_round_altar, mainiacjoe_overflow_paths
D:8:      kennysheep_six_static_rooms, layout_loops_cross, uniq_erica
D:9:      layout_gridville, minmay_alternating_orb, uniq_grum, uniq_harold
D:10:     layout_basic, lemuel_doored_altar, kennysheep_vampire_church,
          mainiacjoe_overflow_alcove_2,
          mainiacjoe_overflow_concentric_impassable, lemuel_tele_altar,
          enter_bailey_2
D:11:     minmay_skewed_foursquare, layout_cave_pods, erik_lair_orcish_takeover,
          serial_shops, shop
D:12:     minmay_glassy_protrusions, layout_basic
D:13:     layout_roguey, vehumet_crystals
D:14:     layout_basic, david_vaults_4, lemuel_coloured_pillars_altar,
          serial_co_window_serial, co_window_corner_a, co_window_cross_1,
          co_window_paths_a, co_window_corner_a, co_window_of_opportunity_a,
          co_window_paths_c, co_window_unsneaky_path_e, co_window_corner_ca,
          uniq_agnes, uniq_nessos, uniq_jorgrun
Temple:   nicolae_temple_figure_zero
Lair:1:   layout_hall_layers, uniq_maggie
Lair:2:   layout_layer_cave, grunt_megastairs_1
Lair:3:   layout_gridlike, nicolae_volcano_entry_hallway, grunt_megastairs_4
Lair:4:   layout_cave_pods, elwin_shoals_entry_stream, spider_nest_entry_a,
          chequers_serial_rivers_micro_b
Lair:5:   layout_loops_ring
Lair:6:   gammafunk_lair_ancient_temple, layout_concentric_octagons,
          nicolae_slime_entry_slimehenge
Orc:1:    layout_caves, basic_altar, serial_shops,
          nicolae_shop_bloodbath_and_beyond
Orc:2:    st_orc_rangers, layout_diamond_mine, gammafunk_ghost_necromancy

Skill      XL: |  1  2  3  4  5  6  7  8  9 10 11 12 13 14 15 |
---------------+----------------------------------------------+-----
Fighting       | 1 2 3 4 5 7 8 10 12 13 | 13.6
Conjurations   | 2 3 6 8 |  8.0
Air Magic      | 5 6 7 8 10 12 13 14 16 17 | 17.5
Dodging        | 3 4 5 6 7 8 9 |  9.0
Spellcasting   | 3 4 5 7 8 9 11 12 13 | 13.0
Evocations     | 3 5 6 |  6.6
Armour         | 5 10 13 | 13.0
Long Blades    | 3 6 |  6.4
Stealth        | |  2.0

Action                   |  1- 3 |  4- 6 |  7- 9 | 10-12 | 13-15 || total
-------------------------+-------+-------+-------+-------+-------++-------
Melee: Unarmed           |    23 |    31 |     7 |       |       ||    61
       Kick              |    10 |    12 |     1 |     8 |    44 ||    75
       Punch             |     1 |     1 |     1 |       |     2 ||     5
       Peck              |       |     5 |     3 |    11 |    35 ||    54
       Long sword        |       |       |     6 |    32 |    27 ||    65
       Great sword       |       |       |       |       |    61 ||    61
       Demon blade       |       |       |       |       |    45 ||    45
 Cast: Shock             |    22 |    11 |     3 |    13 |    10 ||    59
       Static Discharge  |    22 |    54 |    39 |     1 |    22 ||   138
       Airstrike         |       |     8 |   117 |   389 |   866 ||  1380
       Swiftness         |       |       |       |     1 |     2 ||     3
       Lightning Bolt    |       |       |       |    35 |    88 ||   123
       Maxwell's Capacit |       |       |       |       |     5 ||     5
Evoke: Wand              |       |       |       |     8 |     3 ||    11
  Use: Scroll            |       |       |       |    11 |    11 ||    22
       Potion            |       |       |       |       |     1 ||     1
 Stab: Sleeping          |     3 |     3 |       |       |       ||     6
Armor: Robe              |    10 |     1 |       |       |       ||    11
       Leather armour    |       |    13 |    13 |    25 |   109 ||   160
Dodge: Dodged            |    32 |    56 |    46 |   148 |   476 ||   758
